 Dungeon Crawl Stone Soup version 0.28-a0-563-gf77a47075d (webtiles) character file.

Game seed: 564765563616028769

65 iamoutofideas the Grasshopper (level 4, -2/38 HPs)
             Began as a Gnoll Warper on Sept 30, 2021.
             Slain by a scorpion (5 damage)
             ... on level 3 of the Dungeon.
             The game lasted 00:01:45 (1864 turns).

iamoutofideas the Grasshopper (Gnoll Warper)        Turns: 1864, Time: 00:01:45

Health: -2/38      AC:  3    Str: 10    XL:     4   Next: 14%
Magic:  11/11      EV: 12    Int: 14    God:
Gold:   44         SH:  0    Dex: 11    Spells: 13/13 levels left

rFire   . . .      SeeInvis .   a - +0 hand axe
rCold   . . .      Faith    .   (no shield)
rNeg    . . .      Spirit   .   b - +0 leather armour
rPois   .          Reflect  .   (no helmet)
rElec   .          Harm     .   (no cloak)
rCorr   .          Rampage  .   (no gloves)
Will    .....                   (no boots)
Stlth   +.........              (no amulet)
HPRegen 0.12/turn               (no ring)
MPRegen 0.12/turn               (no ring)

@: no status effects
A: fangs 1, strong nose, distributed training
a: no special abilities


You were on level 3 of the Dungeon.
You visited 1 branch of the dungeon, and saw 3 of its levels.

You collected 44 gold pieces.

Inventory:

Hand Weapons
 a - a +0 hand axe (weapon)
Missiles
 d - 5 boomerangs of dispersal (quivered)
Armour
 b - a +0 leather armour (worn)
Scrolls
 c - a scroll of blinking
 i - a scroll of immolation
Potions
 f - a potion of attraction {unknown}
 g - a potion of ambrosia {unknown}
 h - a potion of haste {unknown}
 j - a potion of lignification {unknown}
 k - a potion of brilliance {unknown}
 l - a potion of cancellation {unknown}


   Skills:
 + Level 4.6 Fighting
 + Level 1.0 Short Blades
 + Level 1.0 Long Blades
 + Level 4.6 Axes
 + Level 1.0 Maces & Flails
 + Level 1.0 Polearms
 + Level 1.0 Staves
 + Level 1.0 Slings
 + Level 1.0 Bows
 + Level 1.0 Crossbows
 + Level 2.7 Throwing
 + Level 2.7 Armour
 + Level 4.6 Dodging
 + Level 1.0 Stealth
 + Level 1.0 Shields
 + Level 1.0 Unarmed Combat
 + Level 5.0 Spellcasting
 + Level 0.8 Conjurations
 + Level 0.8 Hexes
 + Level 0.8 Summonings
 + Level 0.8 Necromancy
 + Level 5.4 Translocations
 + Level 0.8 Transmutations
 + Level 0.8 Fire Magic
 + Level 0.8 Ice Magic
 + Level 0.8 Air Magic
 + Level 0.8 Earth Magic
 + Level 0.8 Poison Magic
 + Level 1.1 Invocations
 + Level 1.0 Evocations


You had 13 spell levels left.
You didn't know any spells.
Your spell library contained the following spells:

 Spells                   Type           Power      Damage    Failure   Level
 Blink                    Tloc           N/A        N/A       3%          2
 Gell's Gravitas          Tloc           9%         N/A       8%          3
 Lesser Beckoning         Tloc           18%        N/A       8%          3
 Teleport Other           Tloc           18%        N/A       8%          3
 Manifold Assault         Tloc           18%        N/A       56%         5


Dungeon Overview and Level Annotations

Branches:
Dungeon (3/15)

Altars:

Shops:
D:3 (:

Annotations:
D:2 Sigmund


Innate Abilities, Weirdness & Mutations

You have very sharp teeth.
Your uncanny sense of smell can sniff out nearby items.
Your experience applies equally to all skills.


Message History

Press: ? - help, v - describe, . - travel
Here: a scorpion The floor.
Unknown command.
You hit the scorpion.
The scorpion is lightly wounded.
The scorpion stings you.
You are poisoned.
The scorpion poisons you!
You hit the scorpion but do no damage.
The scorpion is lightly wounded.
You feel very sick. The scorpion barely misses you. The scorpion stings you.
You hit the scorpion but do no damage.
The scorpion is lightly wounded.
You feel very sick.
The scorpion stings you but does no damage.
You barely miss the scorpion.
The scorpion is lightly wounded.
You feel sick.
The scorpion stings you but does no damage.
You hit the scorpion.
The scorpion is lightly wounded.
You feel sick. The scorpion stings you. The scorpion barely misses you.
You are too injured to fight recklessly!
You are too injured to fight recklessly!
You are too injured to fight recklessly!
You feel sick.
You feel sick.
The scorpion stings you but does no damage.
You feel sick.
You feel sick. The scorpion stings you.
* * * LOW HITPOINT WARNING * * *
You feel sick.
You are no longer poisoned.
The scorpion stings you!
* * * LOW HITPOINT WARNING * * *
It was a potion of magic.
Magic courses through your body. The scorpion stings you.
You die...

..........#.#.....#..#.#.#.#
.####.#.###.#..####..#.#.#.#
.# ..#... #..#.....#.#.#.#
.# ..#######..#.###.#.#.#.#
.#
.#........#.#.......#.#####
.# ....#.##.#.#.#.........#
... .............>....#.###
.... #....#.#.#.......#.#
#### #....#@#.#######.#.#
#....#s# ..#.#
#....#.###########.##
#...................#
#...##.############## #...
#∩# #.## #.# #. #.# . #.#


You could see a scorpion.

Vanquished Creatures
  Jessica (D:3)
  A dart slug (D:1)
  5 orcs (D:3)
  2 bats (D:1)
  An endoplasm (D:1)
  A giant cockroach (D:1)
  3 goblins (D:1)
  2 hobgoblins (D:1)
  3 quokkas
  5 ball pythons
  A frilled lizard (D:3)
  4 kobolds (D:1)
  A rat (D:1)
30 creatures vanquished.

Notes
Turn   | Place    | Note
-------+----------+-------------------------------------------
     0 | D:1      | iamoutofideas the Gnoll Warper began the quest for the Orb.
     0 | D:1      | Reached XP level 1. HP: 20/20 MP: 6/6
   112 | D:1      | Reached XP level 2. HP: 17/26 MP: 7/7
   643 | D:1      | Found a faded altar of an unknown god.
   816 | D:1      | Reached XP level 3. HP: 29/31 MP: 9/9
  1267 | D:2      | Noticed Sigmund
  1292 | D:3      | Reached skill level 5 in Spellcasting
  1428 | D:3      | Noticed Jessica
  1437 | D:3      | Killed Jessica
  1438 | D:3      | Reached skill level 1 in Short Blades
  1438 | D:3      | Reached skill level 1 in Long Blades
  1438 | D:3      | Reached skill level 1 in Maces & Flails
  1438 | D:3      | Reached skill level 1 in Polearms
  1438 | D:3      | Reached skill level 1 in Staves
  1438 | D:3      | Reached skill level 1 in Slings
  1438 | D:3      | Reached skill level 1 in Bows
  1438 | D:3      | Reached skill level 1 in Crossbows
  1438 | D:3      | Reached skill level 1 in Stealth
  1438 | D:3      | Reached skill level 1 in Shields
  1438 | D:3      | Reached skill level 1 in Unarmed Combat
  1438 | D:3      | Reached skill level 1 in Invocations
  1438 | D:3      | Reached skill level 1 in Evocations
  1543 | D:3      | Reached XP level 4. HP: 23/38 MP: 11/11
  1806 | D:3      | Found Bafoj's Weapon Shop.
  1849 | D:3      | Found Foza's Book Shoppe.
  1850 | D:3      | Noticed a scorpion
  1864 | D:3      | Slain by a scorpion

Illustrated notes

Levels and vault maps discovered:
D:1:      matt_arrival_grand_opening, layout_loops_corners,
          hellmonk_ecumenical_altar_blasted
D:2:      layout_basic, basic_altar, uniq_sigmund, uniq_terence, uniq_robin
D:3:      layout_basic, mainiacjoe_overflow_surrounded_room,
          mainiacjoe_overflow_cross_hatched, serial_shops, shop,
          nicolae_square_shop, shop, nicolae_square_shop,
          nicolae_shop_statue_plus, uniq_grinder, uniq_ijyb, uniq_jessica

Skill      XL: |  1  2  3 |
---------------+----------+-----
Spellcasting   | 5 |  5.0
Short Blades   | 1 |  1.0
Long Blades    | 1 |  1.0
Maces & Flails | 1 |  1.0
Polearms       | 1 |  1.0
Staves         | 1 |  1.0
Slings         | 1 |  1.0
Bows           | 1 |  1.0
Crossbows      | 1 |  1.0
Stealth        | 1 |  1.0
Shields        | 1 |  1.0
Unarmed Combat | 1 |  1.0
Invocations    | 1 |  1.1
Evocations     | 1 |  1.0
Fighting       | |  4.6
Axes           | |  4.6
Throwing       | |  2.7
Armour         | |  2.7
Dodging        | |  4.6
Conjurations   | |  0.8
Hexes          | |  0.8
Summonings     | |  0.8
Necromancy     | |  0.8
Translocations | |  5.4
Transmutations | |  0.8
Fire Magic     | |  0.8
Ice Magic      | |  0.8
Air Magic      | |  0.8
Earth Magic    | |  0.8
Poison Magic   | |  0.8

Action                   |  1- 3 |  4- 6 || total
-------------------------+-------+-------++-------
Melee: Hand axe          |    77 |    17 ||    94
       Bite              |     7 |     2 ||     9
  Use: Potion            |       |     1 ||     1
Armor: Leather armour    |    23 |     4 ||    27
Dodge: Dodged            |    48 |     9 ||    57

Table legend: (Time is in decaauts)
 A = Elapsed time spent in this place.
 B = Non-inter-level travel time spent in this place.
 C = Inter-level travel time spent in this place.
 D = Time resting spent in this place.
 E = Time spent auto-exploring this place.
 F = Levels seen in this place.
 G = Mean time per level.
                   A        B        C        D        E       F      G
               +--------+--------+--------+--------+--------+-----+--------+
         Total |   1870 |   1834 |     36 |    344 |   1264 |   3 |  623.3 |
       Dungeon |   1870 |   1834 |     36 |    344 |   1264 |   3 |  623.3 |
               +--------+--------+--------+--------+--------+-----+--------+

Top non-repeatable levels by time:
     D:1: 1197 daAuts
     D:3: 591 daAuts
     D:2: 81 daAuts
